 Dungeon Crawl Stone Soup version 0.29.0-13-gc9e81de378 (webtiles) character file.

Game seed: 8990713718767108968

723 LustLizard the Ruffian (level 7, -8/70 HPs)
             Began as a Troll Fighter on Sept 8, 2022.
             Mangled by a gnoll sergeant
             ... wielding a +0 trident
              (13 damage)
             ... on level 4 of the Dungeon.
             The game lasted 00:05:07 (2357 turns).

LustLizard the Ruffian (Troll Fighter)              Turns: 2357, Time: 00:05:08

Health: -8/70      AC:  4    Str: 25      XL:     7   Next: 43%
Magic:  15/15      EV:  8    Int:  6      God:
Gold:   248        SH:  7    Dex:  7 (9)  Spells: 6/6 levels left

rFire   . . .      SeeInvis .     - Unarmed
rCold   . . .      Faith    .   b - +0 kite shield
rNeg    . . .      Spirit   .   a - +0 robe
rPois   .          Reflect  .   (helmet restricted)
rElec   .          Harm     .   (no cloak)
rCorr   .          Rampage  .   (gloves unavailable)
Will    .....                   (boots unavailable)
Stlth   +.........              (no amulet)
HPRegen 1.01/turn               f - ring of magical power
MPRegen 0.14/turn               (no ring)

@: mighty, lethally poisoned (-8 -> -10)
A: large, unfitting armour, claws 3, regeneration 1, shaggy fur 1, tough skin 1
a: no special abilities


You were on level 4 of the Dungeon.
You visited 1 branch of the dungeon, and saw 4 of its levels.

You collected 248 gold pieces.

Inventory:

Missiles
 k - 8 poisoned darts (quivered)
 o - 42 stones
Armour
 a - a +0 robe (worn)
 b - a +0 kite shield (worn)
Jewellery
 f - a ring of magical power (left claw)
 s - a ring of magical power
 w - a ring of protection from cold
Wands
 l - a wand of flame (11)
 r - a wand of quicksilver (11)
Scrolls
 d - 4 scrolls of immolation
 e - a scroll of magic mapping {unknown}
 i - 2 scrolls of brand weapon {unknown}
 n - a scroll of butterflies
 p - a scroll of noise {unknown}
 t - a scroll of vulnerability {unknown}
 v - a scroll of teleportation {unknown}
Potions
 c - 2 potions of might
 g - 2 potions of haste {unknown}
 h - 2 potions of degeneration {unknown}
 j - 2 potions of brilliance {unknown}
 m - a potion of berserk rage {unknown}
 q - a potion of curing {unknown}
 u - a potion of invisibility {unknown}
 x - a potion of heal wounds {unknown}
 z - a potion of ambrosia {unknown}


   Skills:
 + Level 4.1 Fighting
 - Level 2.4 Dodging
 + Level 4.5 Shields
 * Level 6.1 Unarmed Combat


You had 6 spell levels left.
You didn't know any spells.
Your spell library contained the following spells:

 Spells                   Type           Power      Damage    Failure   Level
 Beastly Appendage        Tmut           0%         N/A       75%         1
 Magic Dart               Conj           0%         1d3       75%         1
 Sandblast                Erth           0%         2d4       75%         1
 Passwall                 Tmut/Erth      0%         N/A       86%         2
 Wereblood                Tmut           0%         N/A       86%         2
 Spider Form              Tmut/Pois      0%         N/A       98%         3
 Stone Arrow              Conj/Erth      0%         3d7       98%         3
 Summon Guardian Golem    Hex/Summ       0%         N/A       98%         3
 Animate Armour           Summ/Erth      0%         N/A       100%        4
 Summon Hydra             Summ           0%         N/A       100%        7


Dungeon Overview and Level Annotations

Branches:
Dungeon (4/15)
 Temple: D:4-7

Altars:
Elyvilon
Fedhas
Uskayaw
Xom
Zin
The Shining One


Innate Abilities, Weirdness & Mutations

You are too large for most types of armour.
You have claws for hands.
Your natural rate of healing is unusually fast.
You are covered in fur. (AC +1)
You have tough skin. (AC +1)


Message History

The scorpion stings you but does no damage.
The gnoll sergeant hits you from afar with a +0 trident.
You barely miss the scorpion.
The scorpion is heavily wounded.
The scorpion stings you.
The gnoll sergeant hits you from afar with a +0 trident!
You barely miss the scorpion.
The scorpion is heavily wounded.
The scorpion stings you.
The gnoll sergeant hits you from afar with a +0 trident!
* * * LOW HITPOINT WARNING * * *
You block the scorpion's attack. The scorpion attacks as you move away!
The scorpion stings you.
* * * LOW HITPOINT WARNING * * *
You are poisoned.
The scorpion poisons you!
You feel very sick.
You closely miss the scorpion.
The scorpion is heavily wounded.
You feel sick. You block the scorpion's attack.
The gnoll sergeant barely misses you.
You feel very mighty all of a sudden.
You feel sick. The scorpion stings you.
* * * LOW HITPOINT WARNING * * *
You are more poisoned.
The scorpion poisons you!
The gnoll sergeant hits you but does no damage.
You block the scorpion's attack.
You barely miss the scorpion.
The scorpion is heavily wounded.
You feel very sick. The gnoll sergeant closely misses you.
The scorpion stings you.
* * * LOW HITPOINT WARNING * * *
You mangle the scorpion!!
You kill the scorpion!
You feel very sick. You block the gnoll sergeant's attack.
You feel very sick.
The gnoll sergeant hits you with a +0 trident!
You die...

#........# ##...#:.....s.#
####.....####<...#....K...#
###........))#######..g..#
#..................K.....#
#.....#..##.#......s######
#....[#..##.#.....5g#
#.....#####.#.......####
#.........#.########g..#
#....####.#@###....#...###
#.....# #.#.gKg....#....>#
#.....###.#####.......##+###
#...♣♣##......#.##..........
#..P..[#.......†......#.....
#......#......#.......#.....
#.♣♣P..########)####..#.....
#....).# #..........######
#....)######.##..###.#######


You could see a gnoll sergeant, a gnoll and a kobold.

Vanquished Creatures
  A black bear (D:4)
  A scorpion (D:4)
  A jelly (D:4)
  2 quasits (D:4)
  3 orc priests (D:3)
  2 hounds (D:4)
  Jessica (D:2)
  An iguana (D:3)
  4 orc wizards
  Ijyb (D:3)
  2 gnolls (D:4)
  4 adders
  3 white imps (D:4)
  A worm (D:2)
  A dart slug (D:2)
  13 orcs
  3 bats
  5 endoplasms
  A giant cockroach (D:2)
  4 goblins
  5 hobgoblins
  2 kobolds
  A quokka (D:2)
  6 ball pythons
  A frilled lizard (D:3)
  3 rats
72 creatures vanquished.

Vanquished Creatures (others)
  An angel (D:3)
  An adder (D:4)
  3 demonic plants (D:4)
  3 plants (D:4)
8 creatures vanquished.

Grand Total: 80 creatures vanquished

Notes
Turn   | Place    | Note
-------+----------+-------------------------------------------
     0 | D:1      | LustLizard the Troll Fighter began the quest for the Orb.
     0 | D:1      | Reached XP level 1. HP: 22/22 MP: 0/0
   721 | D:2      | Reached XP level 2. HP: 29/29 MP: 1/1
   723 | D:2      | Noticed Jessica
   735 | D:2      | Killed Jessica
   736 | D:2      | Reached XP level 3. HP: 33/36 MP: 2/2
   757 | D:2      | Reached skill level 3 in Unarmed Combat
   888 | D:2      | Got the Secrets of Ruinous Sidekicks
  1228 | D:3      | Reached XP level 4. HP: 29/45 MP: 3/3
  1255 | D:3      | Noticed Ijyb
  1275 | D:3      | Killed Ijyb
  1324 | D:3      | Found a faded altar of an unknown god.
  1364 | D:3      | Found a glowing silver altar of Zin.
  1365 | D:3      | Noticed an angel
  1368 | D:3      | Reached skill level 4 in Unarmed Combat
  1368 | D:3      | Reached XP level 5. HP: 28/53 MP: 4/4
  1420 | D:3      | Found a shimmering altar of Xom.
  1460 | D:3      | Found a glowing golden altar of the Shining One.
  1470 | D:3      | Found a white marble altar of Elyvilon.
  1560 | D:3      | Killed an angel
  1626 | D:3      | Found a hide-covered altar of Uskayaw.
  1633 | D:3      | Identified the +6 quarterstaff of the Final Persimmons
                  | {speed, Fly}
  1901 | D:4      | Noticed an ogre
  1979 | D:4      | Reached XP level 6. HP: 61/61 MP: 5/5
  2013 | D:4      | Reached skill level 5 in Unarmed Combat
  2129 | D:4      | Reached XP level 7. HP: 48/68 MP: 6/6
  2184 | D:4      | Found a blossoming altar of Fedhas.
  2346 | D:4      | Reached skill level 6 in Unarmed Combat
  2357 | D:4      | Mangled by a gnoll sergeant

Illustrated notes

Levels and vault maps discovered:
D:1:      lemuel_arrival_river_bridge, layout_basic
D:2:      layout_rooms, uniq_jessica
D:3:      layout_loops_ring, grunt_temple_overflow_order_and_chaos_1,
          elyvilon_altar_4, lemuel_tele_altar, eat_drink_and_be_merry_uskayaw,
          hellmonk_ecumenical_altar_pennies_from_heaven, minmay_box_of_dots,
          uniq_ijyb
D:4:      layout_basic, mainiacjoe_overflow_boulevard, serial_demonic,
          serial_demonic_b, serial_demonic_g, serial_demonic_b,
          serial_demonic_f, serial_demonic_f, serial_demonic_b,
          serial_demonic_d, serial_demonic_d, kennysheep_generic_room_9

Skill      XL: |  1  2  3  4  5  6  7 |
---------------+----------------------+-----
Shields        | 3 4 |  4.5
Unarmed Combat | 3 4 5 6 |  6.1
Fighting       | 3 4 |  4.1
Dodging        | |  2.4

Action                   |  1- 3 |  4- 6 |  7- 9 || total
-------------------------+-------+-------+-------++-------
Melee: Unarmed           |    55 |   124 |    53 ||   232
  Use: Scroll            |     2 |       |       ||     2
       Potion            |       |       |     1 ||     1
Armor: Robe              |    13 |    41 |    28 ||    82
Dodge: Dodged            |    15 |    30 |    35 ||    80
Block: Kite shield       |    15 |    50 |    34 ||    99
